 Seeded DCSS version 0.31.0-11-ge490571c62 (webtiles) character file.

Game seed: 3 (custom seed)

9401 Kazon the Trooper (level 11, -7/56 HPs)
             Began as a Vine Stalker Fighter on Feb 6, 2024.
             Was a Priest of Makhleb.
             Constricted to death by Jorgrun (8 damage)
             ... on level 1 of the Orcish Mines on Feb 7, 2024.
             The game lasted 00:52:03 (7250 turns).

Kazon the Trooper (Vine Stalker Fighter)            Turns: 7250, Time: 00:52:03

Health: -7/56      AC: 16    Str: 21    XL:     11   Next: 45%
Magic:  0/15       EV:  4    Int:  8    God:    Makhleb [***...]
Gold:   742        SH: 10    Dex: 12    Spells: 10/10 levels left

rFire   + . .        q - +4 mace "Wubaoh" {venom, rElec Str+2 Dex-3}
rCold   + + +        h - +0 buckler
rNeg    + + .        T - +0 plate armour
rPois   .            G - melded +0 helmet
rElec   +            z - melded +0 cloak
rCorr   .            k - melded +1 pair of gloves
SInv    .            (boots currently unavailable)
Will    ++...        x - amulet of reflection Stlth
                     m - ring "Gauthau" {rF+ rC+++ rN++ Will+ Str-3}
HPRegen 1.09/turn    F - +4 ring of protection
MPRegen 0.14/turn

%: reflection, guardian spirit
@: beast-form, grasped by roots, constricted
A: beast (slay +1), fangs 3, regeneration 1, magic shield, antimagic bite, no
potion heal 2
a: Begin Untransformation, Renounce Religion, Minor Destruction, Lesser Servant
of Makhleb


You were on level 1 of the Orcish Mines.
You worshipped Makhleb.
Makhleb was most pleased with you.
You were a hulking beast.
You visited 3 branches of the dungeon, and saw 13 of its levels.
You also visited: Sewer.

You collected 885 gold pieces.
You spent 143 gold pieces at shops.

Inventory:

Hand Weapons
 a - a +5 long sword
 e - a +1 short sword of venom
 p - a +3 flail of protection
 q - the +4 mace "Wubaoh" (weapon) {venom, rElec Str+2 Dex-3}
   (You found it on level 6 of the Dungeon)

   Str+2:     It affects your strength (+2).
   Dex-3:     It affects your dexterity (-3).
   rElec:     It insulates you from electricity.
Missiles
 g - 21 stones
 s - 5 poisoned darts
 Q - a curare-tipped dart
 S - 8 boomerangs
Armour
 b - a +0 scale mail
 h - a +0 buckler (worn)
 k - a +1 pair of gloves (melded)
 z - a +0 cloak (melded)
 G - a +0 helmet (melded)
 T - a +0 plate armour (worn)
Jewellery
 m - the ring "Gauthau" (left hand) {rF+ rC+++ rN++ Will+ Str-3}
   (You acquired it on level 2 of the Dungeon)

   [ring of protection from fire]

   Str-3:     It affects your strength (-3).
   rF+:       It protects you from fire.
   rC+++:     It renders you almost immune to cold.
   rN++:      It greatly protects you from negative energy.
   Will+:     It increases your willpower.
 x - an amulet of reflection (around neck)
 F - a +4 ring of protection (right hand)
Talismans
 f - a beast talisman (active)
 L - a flux talisman
Wands
 l - a wand of polymorph (4)
 C - a wand of flame (46)
Scrolls
 i - 4 scrolls of identify
 n - a scroll of noise
 o - a scroll of silence {unknown}
 r - 10 scrolls of teleportation
 u - 3 scrolls of blinking {unknown}
 y - 2 scrolls of fear {unknown}
 E - 2 scrolls of enchant armour
 I - a scroll of butterflies {unknown}
 J - a scroll of poison {unknown}
 K - a scroll of amnesia {unknown}
 M - a scroll of revelation {unknown}
 O - a scroll of torment {unknown}
 R - 2 scrolls of brand weapon {unknown}
Potions
 c - 3 potions of curing
 d - 4 potions of might
 j - 2 potions of magic
 t - a potion of attraction {unknown}
 v - 5 potions of heal wounds
 w - a potion of cancellation {unknown}
 A - 2 potions of lignification {unknown}
 B - a potion of brilliance {unknown}
 D - 2 potions of haste {unknown}
 H - 3 potions of mutation {unknown}
 N - 2 potions of enlightenment
 P - a potion of berserk rage {unknown}


   Skills:
 * Level 6.1 Fighting
 + Level 4.3(4.6) Short Blades
 + Level 2.1(3.5) Long Blades
 + Level 4.8 Maces & Flails
 + Level 5.1 Throwing
 + Level 5.3 Armour
 + Level 4.2 Dodging
 + Level 5.7 Stealth
 + Level 5.9 Shields
 + Level 4.9 Invocations
 * Level 4.8 Evocations
 + Level 3.2 Shapeshifting


You had 10 spell levels left.
You didn't know any spells.
Your spell library contained the following spells:

 Spells                   Type           Power      Damage    Failure   Level
 Magic Dart               Conj           0%         1d3       100%        1
 Blink                    Tloc           0%         N/A       100%        2
 Call Imp                 Summ           0%         N/A       100%        2
 Fugue of the Fallen      Necr           0%         N/A       100%        3
 Gell's Gravitas          Tloc           0%         N/A       100%        3
 Inner Flame              Hex/Fire       0%         N/A       100%        3
 Ozocubu's Armour         Ice            0%         N/A       100%        3
 Teleport Other           Tloc           0%         N/A       100%        3
 Flame Wave               Conj/Fire      0%         2d4       100%        4
 Manifold Assault         Tloc           0%         N/A       100%        4
 Sticky Flame             Fire/Alch      0%         2d4       100%        4
 Irradiate                Conj/Alch      0%         3d11      100%        5
 Dispersal                Tloc           0%         N/A       100%        6
 Ignition                 Fire           0%         3d3       100%        8


Dungeon Overview and Level Annotations

Branches:
Dungeon (10/15)            Temple (1/1) D:6             Orc (2/2) D:10
  Sewer (visited)
   Lair: D:8-11         Elf: Orc:2

Altars:
Ashenzari
Cheibriados
Dithmenos
Elyvilon
Fedhas
Gozag
Hepliaklqana
Kikubaaqudgha
Makhleb
Nemelex Xobeh
Okawaru
Qazlal
Ru
Sif Muna
Trog
Uskayaw
Vehumet
Wu Jian
Xom
Yredelemnul
Zin
The Shining One

Shops:
D:7 (

Annotations:
Orc:1 Jorgrun


Innate Abilities, Weirdness & Mutations

You are a hulking beast.
Your limbs bulge with bestial killing power. (Slay +1)
You have razor-sharp teeth.
Your natural rate of healing is unusually fast.
When hurt, damage is shared between your health and your magic reserves.
Your bite disrupts and absorbs the magic of your enemies.
Potions cannot restore your health.


Message History

Aim: Jorgrun, wielding a +0 heavy quarterstaff and wearing a +0 robe (lightly wounded, ally target) Jorgrun resists with almost no effort.
Aiming: Minor Destruction (1% risk of failure)
Press: ? - help, Shift-Dir - straight line, f/p - Jorgrun
Aim: Jorgrun, wielding a +0 heavy quarterstaff and wearing a +0 robe (lightly wounded, ally target)
The glob of acid hits Jorgrun!
The acid corrodes Jorgrun!
Jorgrun is lightly wounded.
Your hellwing closely misses Jorgrun.
Your hellwing hits Jorgrun! You hit Jorgrun.
Jorgrun is poisoned.
You bite Jorgrun.
Jorgrun's magic leaks into the air.
You drain his magic.
You feel invigorated.
Jorgrun is moderately wounded.
Jorgrun points at you and mumbles some strange words.
The iron shot hits you!!
Your hellwing barely misses Jorgrun.
Your hellwing closely misses Jorgrun.
Unknown command.
You closely miss Jorgrun. Your bite misses Jorgrun.
Jorgrun is moderately wounded.
Jorgrun gestures at you while chanting.
Roots burst forth from the earth!
The grasping roots grab you! The grasping roots constrict you.
Your hellwing closely misses Jorgrun.
Your hellwing hits Jorgrun.
Jorgrun hits you with a +0 heavy quarterstaff!!
* * * LOW HITPOINT WARNING * * *
The grasping roots constrict you.
* * * LOW HITPOINT WARNING * * *
You sock Jorgrun!
Jorgrun looks as sick as possible!
You bite Jorgrun!
Jorgrun's magic leaks into the air.
You drain his magic.
You feel invigorated.
Jorgrun is moderately wounded.
Your hellwing closely misses Jorgrun.
Your hellwing hits Jorgrun.
Unknown command.
You barely miss Jorgrun. Your bite misses Jorgrun.
Jorgrun is heavily wounded.
Jorgrun falters for a moment.
The grasping roots constrict you!
* * * LOW HITPOINT WARNING * * *
Your hellwing barely misses Jorgrun.
Your hellwing misses Jorgrun.
Jorgrun hits you with a +0 heavy quarterstaff!
* * * LOW HITPOINT WARNING * * *
The grasping roots constrict you!
You die...

....##..........####.##
#................##...#
#............#...)#..##
#...#...>....#...$....#
................)#...#
..................#.##
...................####
...#..4g.........##
..##...h.....########
####.##.........##..#..##
##.#..#..................##
#..........#.....##.......#
##.#.............###..##.##
##................# #######
##......#....).##.##
#..........#[######
###..........##


You could see Jorgrun (extremely poisoned, corroded, ally target, magic
disrupted) and a friendly hellwing (summoned).

Vanquished Creatures
  A two-headed ogre (D:9)
  A deep elf pyromancer (D:9)
  A gargoyle (D:6)
  An unseen horror (D:10)
  3 trolls
  Grinder (D:5)
  A hornet (D:10)
  Sigmund (D:3)
  A wyvern (D:8)
  A wraith (D:9)
  7 yaks
  A water moccasin (D:9)
  Duvessa (D:5)
  An acid dragon (D:10)
  10 orc warriors
  Pargi (Sewer)
  2 black bears
  4 ogres
  2 centaurs
  2 ice beasts
  A phantom (D:6)
  2 brain worms (Sewer)
  2 kobold brigands
  A gnoll sergeant (D:5)
  3 bullfrogs
  2 scorpions
  7 wights
  Dowan (D:5)
  9 killer bees
  3 electric eels (D:10)
  4 howler monkeys
  A jelly (D:5)
  4 bombardier beetles
  A gnoll bouda (D:6)
  8 orc priests
  6 hounds
  A sleepcap (D:5)
  Crazy Yiuf (D:4)
  2 iguanas
  13 orc wizards
  9 gnolls
  11 adders
  A white imp (D:5)
  2 ufetubi (D:7)
  A dart slug (D:2)
  40 orcs
  7 ball pythons
  4 bats
  7 endoplasms
  A giant cockroach (D:2)
  3 goblins
  7 hobgoblins
  2 quokkas
  8 frilled lizards
  13 kobolds
  5 rats
236 creatures vanquished.

Notes
Turn   | Place    | Note
-------+----------+-------------------------------------------
     0 | D:1      | Kazon the Vine Stalker Fighter began the quest for the Orb.
     0 | D:1      | Reached XP level 1. HP: 11/11 MP: 2/2
   104 | D:2      | Reached XP level 2. HP: 14/16 MP: 3/3
   701 | D:1      | Found a faded altar of an unknown god.
   711 | D:1      | Reached skill level 1 in Stealth
   711 | D:1      | Reached XP level 3. HP: 19/19 MP: 4/4
   933 | D:2      | Identified a scroll of acquirement
   933 | D:2      | Acquired the ring "Gauthau" {rF+ rC+++ rN++ Will+ Str-3}
  1394 | D:3      | Reached XP level 4. HP: 19/23 MP: 3/5
  1421 | D:3      | Reached skill level 1 in Dodging
  1446 | D:3      | Noticed Sigmund
  1466 | D:3      | Killed Sigmund
  1467 | D:3      | Reached skill level 3 in Fighting
  1467 | D:3      | Reached skill level 1 in Short Blades
  1467 | D:3      | Reached skill level 1 in Throwing
  1467 | D:3      | Reached skill level 1 in Shapeshifting
  1467 | D:3      | Reached XP level 5. HP: 24/28 MP: 4/6
  1467 | D:3      | Reached XP level 6. HP: 27/32 MP: 4/7
  1705 | D:3      | Found a glowing drain.
  1720 | Sewer    | Entered a sewer
  1778 | Sewer    | Noticed Pargi
  1796 | Sewer    | Killed Pargi
  1797 | Sewer    | Reached XP level 7. HP: 19/36 MP: 3/8
  2105 | D:4      | Found a sparkling altar of Nemelex Xobeh.
  2403 | D:4      | Found a runed translucent door.
  2404 | D:4      | Noticed Crazy Yiuf
  2414 | D:4      | Killed Crazy Yiuf
  2590 | D:5      | Entered Level 5 of the Dungeon
  2611 | D:5      | Noticed Grinder
  2642 | D:5      | Killed Grinder
  2643 | D:5      | Gained mutation: You have razor-sharp teeth. [Vine Stalker
                  | growth]
  2643 | D:5      | Reached XP level 8. HP: 34/40 MP: 7/9
  2920 | D:5      | Noticed Dowan
  2921 | D:5      | Noticed Duvessa
  2931 | D:5      | Killed Duvessa
  2940 | D:5      | Killed Dowan
  3191 | D:5      | Reached skill level 4 in Fighting
  3441 | D:6      | Reached skill level 1 in Evocations
  3452 | D:6      | Identified the +4 mace "Wubaoh" {venom, rElec Str+2 Dex-3}
  3455 | D:6      | Noticed a gargoyle
  3477 | D:5      | Reached XP level 9. HP: 41/45 MP: 6/10
  3798 | D:6      | HP: 2/45 [gargoyle/+0 mace (16)]
  3801 | D:6      | Killed a gargoyle
  3830 | D:6      | Noticed a +0 short sword
  3830 | D:6      | Noticed a +0 short sword
  3831 | D:6      | Noticed a +0 dagger
  3844 | D:6      | Noticed a +0 spear
  3844 | D:6      | Noticed a +0 spear
  3845 | D:6      | Noticed a +0 falchion
  3845 | D:6      | Noticed a +0 falchion
  3846 | D:6      | Noticed a +0 dagger
  3847 | D:6      | Found a hide-covered altar of Uskayaw.
  3914 | D:6      | Found a staircase to the Ecumenical Temple.
  3921 | Temple   | Entered the Ecumenical Temple
  3934 | Temple   | Became a worshipper of Makhleb the Destroyer
  4104 | D:6      | Reached skill level 1 in Maces & Flails
  4106 | D:6      | Reached skill level 1 in Invocations
  4227 | D:7      | Reached skill level 5 in Stealth
  4462 | D:7      | Found a stormy altar of Qazlal.
  4584 | D:7      | Found Leuhu's Antique Weapon Boutique.
  4598 | D:7      | Reached XP level 10. HP: 41/50 MP: 9/12
  4603 | D:7      | Bought a glowing flail for 143 gold pieces
  4776 | D:8      | Reached * piety under Makhleb
  4818 | D:8      | Found a shadowy altar of Dithmenos.
  4872 | D:8      | Reached skill level 5 in Shields
  5147 | D:8      | Reached skill level 5 in Fighting
  5369 | D:9      | Noticed a deep elf pyromancer
  5382 | D:9      | Killed a deep elf pyromancer
  5475 | D:9      | You fall into a shaft and drop 1 floor!
  5475 | D:10     | Entered Level 10 of the Dungeon
  5528 | D:9      | Found an opulent altar of Gozag.
  5645 | D:9      | Reached skill level 5 in Armour
  5775 | D:9      | Found a basalt altar of Yredelemnul.
  5786 | D:9      | Found a shimmering altar of Xom.
  5810 | D:9      | Noticed a two-headed ogre
  5820 | D:9      | Killed a two-headed ogre
  5872 | D:9      | Reached skill level 5 in Throwing
  5891 | D:9      | Reached XP level 11. HP: 56/56 MP: 14/14
  6098 | D:10     | Reached ** piety under Makhleb
  6298 | D:10     | Found a staircase to the Orcish Mines.
  6496 | D:10     | HP: 1/56 [something (6)]
  6748 | Orc:1    | Entered Level 1 of the Orcish Mines
  6859 | Orc:1    | Reached *** piety under Makhleb
  6860 | Orc:1    | Reached skill level 6 in Fighting
  6981 | Orc:2    | Entered Level 2 of the Orcish Mines
  7015 | Orc:1    | Noticed Snorg
  7051 | Orc:1    | Snorg changed into Snorg the ogre
  7051 | Orc:1    | Noticed Snorg
  7052 | Orc:1    | Killed Snorg the ogre
  7132 | Orc:1    | Noticed Jorgrun
  7139 | Orc:1    | HP: 1/56 [constriction (2)]
  7250 | Orc:1    | HP: 1/56 [Jorgrun/+0 heavy quarterstaff (3)]
  7250 | Orc:1    | Constricted to death by Jorgrun

Illustrated notes

Levels and vault maps discovered:
D:1:      psy_arrival_terrarium, layout_loops_corners,
          shapermc_ecumenical_altar_notcrosses, dreamdust_mushroom_princess
D:2:      layout_rooms, grunt_ministairs_3, kennysheep_cross_bottleneck,
          minmay_pentomino_x2
D:3:      layout_basic, portal_sewer_entry_d, uniq_sigmund
D:4:      layout_cave_pools, mainiacjoe_overflow_boulevard,
          uniq_crazy_yiuf_cottage
D:5:      layout_loops_ring, serial_library_hellmonk_junction, uniq_grinder,
          uniq_duvessa
D:6:      layout_cave_pools, nicolae_uskayaw_en_pointe,
          minmay_temple_entry_junction
D:7:      layout_cave_pools, nicolae_qazlal_general_emergency, serial_shops,
          nicolae_shop_pleasant_corner_grove
D:8:      layout_basic, nicolae_overflow_crystal_walls
D:9:      layout_irregular_city, nicolae_gozag_seed_capital,
          mainiacjoe_overflow_swirl, grunt_ministairs_7
D:10:     layout_basic, david_orc_2
Temple:   hellmonk_temple_two_chambers
Orc:1:    layout_caves, uniq_jorgrun, uniq_snorg
Orc:2:    st_orc_elflike, layout_diamond_mine, serial_shops,
          nicolae_shop_gibbet_a_chance, blackcustard_mines_bat_river,
          uniq_donald

Skill      XL: |  1  2  3  4  5  6  7  8  9 10 11 |
---------------+----------------------------------+-----
Stealth        | 1 2 3 5 |  5.7
Dodging        | 1 2 3 4 |  4.2
Fighting       | 3 4 5 6 |  6.1
Short Blades   | 1 2 3 4 |  4.3
Long Blades    | 2 |  2.1
Throwing       | 1 2 3 5 |  5.1
Armour         | 3 4 5 |  5.3
Shields        | 3 4 5 |  5.9
Shapeshifting  | 1 2 3 |  3.2
Evocations     | 1 2 4 |  4.8
Maces & Flails | 2 4 |  4.8
Invocations    | 2 3 4 |  4.9

Action                     |  1- 3 |  4- 6 |  7- 9 | 10-12 || total
---------------------------+-------+-------+-------+-------++-------
  Melee: Long sword        |    27 |       |       |       ||    27
         Bite              |    14 |    15 |   122 |    86 ||   237
         Short sword       |    69 |    64 |   196 |       ||   329
         Mace              |       |       |   140 |   294 ||   434
  Throw: Stone             |       |     1 |    44 |    16 ||    61
         Dart              |       |       |     7 |    38 ||    45
 Invoke: Minor Destruction |       |       |       |    49 ||    49
         Lesser Servant of |       |       |       |     2 ||     2
Ability: Begin Untransform |       |       |     2 |       ||     2
  Evoke: Wand              |       |       |       |     4 ||     4
    Use: Scroll            |     6 |       |       |     3 ||     9
         Potion            |       |       |       |     2 ||     2
 Armour: Scale mail        |    51 |    50 |   226 |   144 ||   471
         Plate armour      |       |       |       |   114 ||   114
  Dodge: Dodged            |    36 |    27 |   155 |   122 ||   340
  Block: Buckler           |    21 |    19 |   199 |   139 ||   378
         Reflection        |       |       |     6 |     8 ||    14
   Form: Beast             |       |       |     2 |     1 ||     3
